 Dungeon Crawl Stone Soup version 0.30.1 (webtiles) character file.

Game seed: 1450174580258249259

99 Cheops the Cudgeller (level 4, -2/39 HPs)
             Began as a Minotaur Fighter on July 9, 2023.
             Slain by Grinder (5 damage)
             ... on level 3 of the Dungeon.
             The game lasted 00:03:06 (1949 turns).

Cheops the Cudgeller (Minotaur Fighter)             Turns: 1949, Time: 00:03:06

Health: -2/39      AC:  6    Str: 23    XL:     4   Next: 45%
Magic:  3/3        EV:  9    Int:  5    God:
Gold:   72         SH:  4    Dex:  9    Spells: 3/3 levels left

rFire   . . .        a - +0 flail
rCold   . . .        c - +0 buckler
rNeg    . . .        b - +0 scale mail
rPois   .            (helmet restricted)
rElec   .            (no cloak)
rCorr   .            (no gloves)
SInv    .            (no boots)
Will    .....        (no amulet) Stlth
                     (no ring)
HPRegen 0.26/turn    (no ring)
MPRegen 0.08/turn

%: no passive effects
@: mighty
A: horns 2, retaliatory headbutt
a: no special abilities


You were on level 3 of the Dungeon.
You visited 1 branch of the dungeon, and saw 3 of its levels.

You collected 72 gold pieces.

Inventory:

Hand Weapons
 a - a +0 flail (weapon)
Armour
 b - a +0 scale mail (worn)
 c - a +0 buckler (worn)
Jewellery
 r - an amulet of magic regeneration
Scrolls
 e - a scroll of torment {unknown}
 f - 2 scrolls of vulnerability {unknown}
 h - 2 scrolls of identify {unknown}
 i - a scroll of magic mapping {unknown}
 j - a scroll of teleportation {unknown}
 k - 2 scrolls of poison {unknown}
 l - a scroll of fog {unknown}
 m - a scroll of noise {unknown}
 n - a scroll of immolation {unknown}
 q - a scroll of fear {unknown}
Potions
 g - a potion of curing {unknown}
 o - 2 potions of berserk rage {unknown}
 p - a potion of heal wounds {unknown}


   Skills:
 - Level 3.6 Fighting
 + Level 5.8 Maces & Flails
 - Level 3.6 Armour
 - Level 3.6 Shields


You had 3 spell levels left.
You didn't know any spells.
Your spell library was empty.

Dungeon Overview and Level Annotations

Branches:
Dungeon (3/15)

Altars:

Annotations:
D:3 Grinder


Innate Abilities, Weirdness & Mutations

You have a pair of horns on your head.
You reflexively headbutt those who attack you in melee.


Message History

No target in view!
No target in view!
HP restored.
r - an amulet of magic regeneration
Things that are here:
a +0 short sword; a stone; a kobold corpse You see here a +0 ring mail.
As you open the door, it creaks loudly!
Grinder comes into view.
Grinder shouts!
Grinder is nearby!
You feel very mighty all of a sudden. Grinder hits you.
You writhe in agony.
You closely miss Grinder. You headbutt Grinder!
Grinder is moderately wounded.
Grinder hits you.
You writhe in agony.
* * * LOW HITPOINT WARNING * * *
You closely miss Grinder.
Grinder is moderately wounded.
Grinder hits you but does no damage.
You thump Grinder!
Grinder is severely wounded.
Grinder hits you.
* * * LOW HITPOINT WARNING * * *
You closely miss Grinder. You headbutt Grinder!
Grinder is almost dead.
Grinder hits you.
* * * LOW HITPOINT WARNING * * *
You hit Grinder but do no damage. Your headbutt misses Grinder.
Grinder is almost dead.
Grinder hits you!
* * * LOW HITPOINT WARNING * * *
You writhe in agony.
* * * LOW HITPOINT WARNING * * *
You barely miss Grinder. Your headbutt misses Grinder.
Grinder is almost dead.
You block Grinder's attack.
Grinder says, "My boss said I was rubbish.
His entrails said otherwise."
Grinder hits you.
You die...

#.##+###.......#<
#......#..##.####
#......#.........
#......#.##...##.
#......#+#)†).##. .
#.#'#.........##. ...
#.#.#......######
P..P.###.#.#.....[..#
#...5@.#.#......#+####
#####.##.#............
#....#............
######............
#####........
#........ #........
#........ #########


You could see Grinder.

Vanquished Creatures
  Jessica (D:3)
  2 adders (D:2)
  A worm (D:2)
  5 bats (D:1)
  5 endoplasms
  3 giant cockroaches (D:1)
  7 goblins
  3 hobgoblins
  3 jackals (D:1)
  2 kobolds
  3 quokkas
  5 ball pythons
  2 frilled lizards
  4 rats
46 creatures vanquished.

Notes
Turn   | Place    | Note
-------+----------+-------------------------------------------
     0 | D:1      | Cheops the Minotaur Fighter began the quest for the Orb.
     0 | D:1      | Reached XP level 1. HP: 19/19 MP: 0/0
   169 | D:1      | Reached skill level 3 in Maces & Flails
   179 | D:1      | Reached XP level 2. HP: 13/26 MP: 1/1
   361 | D:1      | Reached skill level 4 in Maces & Flails
   521 | D:1      | Found a faded altar of an unknown god.
   576 | D:1      | Reached XP level 3. HP: 31/31 MP: 2/2
  1321 | D:2      | Reached skill level 5 in Maces & Flails
  1862 | D:3      | Reached XP level 4. HP: 37/39 MP: 3/3
  1863 | D:3      | Noticed Jessica
  1888 | D:3      | Killed Jessica
  1938 | D:3      | Noticed Grinder
  1949 | D:3      | Slain by Grinder

Illustrated notes

Levels and vault maps discovered:
D:1:      lightli_arrival_chessboard, layout_basic,
          shapermc_ecumenical_altar_hornbeckon
D:2:      layout_loops_corners, hangedman_abyss_or_decor_lesser_grid
D:3:      layout_basic, kiku_gazebo_garden_becter, serial_shops,
          nicolae_lakefront_shop, uniq_jessica, uniq_grinder, uniq_natasha

Skill      XL: |  1  2  3 |
---------------+----------+-----
Maces & Flails | 3 4 5 |  5.8
Fighting       | |  3.6
Armour         | |  3.6
Shields        | |  3.6

Action                     |  1- 3 |  4- 6 || total
---------------------------+-------+-------++-------
  Melee: Flail             |    93 |    19 ||   112
         Headbutt          |    12 |     3 ||    15
    Use: Potion            |       |     1 ||     1
 Armour: Scale mail        |    52 |     5 ||    57
  Dodge: Dodged            |    46 |     9 ||    55
  Block: Buckler           |    24 |     5 ||    29
